 Dungeon Crawl Stone Soup version 0.29.0-4-gdea44cf6ec (webtiles) character file.

Game seed: 17587778261024774273

92 oldmanjim the Ruffian (level 4, -5/67 HPs)
             Began as a Troll Berserker on Aug 26, 2022.
             Was a Believer of Trog.
             Slain by Pikel
             ... wielding a +1 whip of freezing
              (9 damage)
             ... on level 4 of the Dungeon.
             The game lasted 00:05:15 (1749 turns).

oldmanjim the Ruffian (Troll Berserker)             Turns: 1749, Time: 00:05:16

Health: -5/67      AC:  4    Str: 25    XL:     4   Next: 35%
Magic:  3/3        EV: 10    Int:  5    God:    Trog [**....]
Gold:   96         SH:  0    Dex:  9    Spells: 3/3 levels left

rFire   . . .      SeeInvis .     - Unarmed
rCold   . . .      Faith    .   (no shield)
rNeg    . . .      Spirit   .   a - +0 animal skin
rPois   .          Reflect  .   (helmet restricted)
rElec   .          Harm     .   (no cloak)
rCorr   .          Rampage  .   (gloves unavailable)
Will    .....                   (boots unavailable)
Stlth   ..........              (no amulet)
HPRegen 1.01/turn               (no ring)
MPRegen 0.08/turn               (no ring)

@: berserking, very quick
A: large, unfitting armour, claws 3, regeneration 1, shaggy fur 1, tough skin 1
a: Renounce Religion, Berserk, Trog's Hand


You were on level 4 of the Dungeon.
You worshipped Trog.
Trog was pleased with you.
You visited 1 branch of the dungeon, and saw 4 of its levels.

You collected 96 gold pieces.

Inventory:

Missiles
 c - 8 poisoned darts
 e - 10 stones (quivered)
 h - 8 javelins
Armour
 a - a +0 animal skin (worn)
Jewellery
 l - an amulet of the acrobat
Wands
 m - a wand of iceblast (12)
Scrolls
 d - a scroll of enchant weapon {unknown}
 g - 3 scrolls of fear {unknown}
 j - a scroll of silence {unknown}
Potions
 b - a potion of flight {unknown}
 f - a potion of ambrosia {unknown}
 i - 2 potions of haste {unknown}
 k - a potion of berserk rage {unknown}


   Skills:
 + Level 3.4 Fighting
 - Level 2.4 Dodging
 + Level 4.2 Unarmed Combat
 + Level 0.0 Evocations


You had 3 spell levels left.
You didn't know any spells.
Your spell library was empty.

Dungeon Overview and Level Annotations

Branches:
Dungeon (4/15)
 Temple: D:4-7

Altars:

Annotations:
D:4 Pikel


Innate Abilities, Weirdness & Mutations

You are too large for most types of armour.
You have claws for hands.
Your natural rate of healing is unusually fast.
You are covered in fur. (AC +1)
You have tough skin. (AC +1)


Message History

The lemure is almost dead.
The lemure hits you!
You claw the lemure!
You kill the lemure!
That felt strangely unrewarding.
Pikel hits you with a +1 whip of freezing.
Pikel freezes you. The lemure hits you!
You claw the lemure!
The lemure is heavily wounded.
Pikel hits you with a +1 whip of freezing!
Pikel freezes you.
* * * LOW HITPOINT WARNING * * *
The lemure hits you but does no damage. The lemure attacks as you move away!
The lemure hits you but does no damage.
There is a stone staircase leading up here.
A red film seems to cover your vision as you go berserk!
You feel yourself moving faster!
You feel mighty! Pikel barely misses you.
You barely miss Pikel. You barely miss Pikel.
Pikel hits you with a +1 whip of freezing.
* * * LOW HITPOINT WARNING * * *
Pikel freezes you.
* * * LOW HITPOINT WARNING * * *
You scratch Pikel.
Pikel is lightly wounded.
Pikel hits you with a +1 whip of freezing!
* * * LOW HITPOINT WARNING * * *
Pikel freezes you.
* * * LOW HITPOINT WARNING * * *
The lemure completely misses you.
You barely miss Pikel.
Pikel is lightly wounded.
Unknown command.
You closely miss Pikel.
Pikel is lightly wounded.
Pikel barely misses you. The lemure closely misses you.
You closely miss Pikel.
Pikel is lightly wounded.
Pikel hits you with a +1 whip of freezing!
You die...

... ....
#### ... ...
... ... #.#
#.##
#.##5..# #
#.#@#
#.#5K##.##..
#.$.5.55....
###..##.##.#
#.#.# #
#.##.. #.#
#5# #.. .K5
### .5.


You could see Pikel and 3 lemures.

Vanquished Creatures
  A lemure (D:4)
  5 adders
  2 dart slugs
  An orc (D:3)
  5 ball pythons
  A bat (D:1)
  2 endoplasms
  4 goblins
  6 hobgoblins
  4 kobolds
  3 quokkas
  3 frilled lizards
  5 rats
42 creatures vanquished.

Notes
Turn   | Place    | Note
-------+----------+-------------------------------------------
     0 | D:1      | oldmanjim the Troll Berserker began the quest for the Orb.
     0 | D:1      | Reached XP level 1. HP: 22/22 MP: 0/0
   144 | D:1      | Reached XP level 2. HP: 25/29 MP: 1/1
   215 | D:1      | You fall into a shaft and drop 1 floor!
   260 | D:2      | Reached XP level 3. HP: 37/37 MP: 2/2
   712 | D:3      | Reached ** piety under Trog
   713 | D:3      | Reached skill level 4 in Unarmed Combat
   957 | D:3      | Reached XP level 4. HP: 45/45 MP: 3/3
  1728 | D:4      | Noticed a lemure
  1728 | D:4      | Noticed a lemure
  1728 | D:4      | Noticed a lemure
  1728 | D:4      | Noticed a lemure
  1728 | D:4      | Noticed Pikel
  1739 | D:4      | Killed a lemure
  1746 | D:4      | HP: 2/67 [Pikel/+1 whip of freezing (5)]
  1749 | D:4      | Slain by Pikel

Illustrated notes

Levels and vault maps discovered:
D:1:      zaba_arrival_water, layout_rooms, ebering_ecumenical_altar_hall,
          serial_bayou_pond_a
D:2:      layout_rooms
D:3:      layout_basic
D:4:      layout_loops_ring, nicolae_ossuary_entry_plus, uniq_pikel,
          uniq_sigmund, uniq_ijyb

Skill      XL: |  1  2  3 |
---------------+----------+-----
Fighting       | 3 |  3.4
Unarmed Combat | 4 |  4.2
Dodging        | |  2.4

Action                   |  1- 3 |  4- 6 || total
-------------------------+-------+-------++-------
Melee: Unarmed           |   100 |    25 ||   125
       Punch             |     2 |     1 ||     3
Invok: Berserk           |       |     1 ||     1
  Use: Scroll            |     2 |       ||     2
 Stab: Sleeping          |     1 |       ||     1
Armor: Animal skin       |    32 |    10 ||    42
Dodge: Dodged            |    40 |    14 ||    54
